 Dungeon Crawl Stone Soup version 0.31-a0-210-gccc998df9b (webtiles) character file.

Game seed: 15117829119811397209

147423 qw the Severer (level 17, -7/108 HPs)
             Began as a Gargoyle Fighter on June 29, 2023.
             Was a Priest of Okawaru.
             Killed from afar by Mara (38 damage)
             ... with a bolt of fire
             ... on level 4 of the Swamp.
             The game lasted 00:15:35 (27144 turns).

qw the Severer (Gargoyle Fighter)                  Turns: 27144, Time: 00:15:36

Health: -7/108     AC: 54    Str: 26      XL:     17   Next: 46%
Magic:  24/24      EV: 14    Int: 12 (13) God:    Okawaru [***...]
Gold:   1464       SH: 22    Dex:  7 (8)  Spells: 16/16 levels left

rFire   . . .        D - +2 broad axe "Cunniym" {heavy, rC++ Int+2 Dex-4 Stlth+}
rCold   + + .        M - +2 tower shield
rNeg    + + .        c - +10 plate armour {ponderous}
rPois   inf          j - +1 helmet
rElec   +            A - +0 cloak
rCorr   .            J - +1 pair of gloves "Qijaokem" {*Corrode rN+ Dex+3 SInv}
SInv    +            E - +0 pair of boots "Wykaxih" {rPois Regen+ SInv}
Will    +....        p - amulet of faith Stlth
                     F - +5 ring of evasion
HPRegen 1.18/turn    w - +4 ring of protection
MPRegen 0.19/turn

%: corrode self (3%), faith
@: heroic, flying, slow
A: sickness immunity, AC +12, big wings, negative energy resistance 1,
electricity resistance, torment resistance 1, petrification resistance
a: Renounce Religion, Heroism


You were on level 4 of the Swamp.
You worshipped Okawaru.
Okawaru was most pleased with you.
You visited 6 branches of the dungeon, and saw 30 of its levels.

You collected 3187 gold pieces.
You spent 1723 gold pieces at shops.


Innate Abilities, Weirdness & Mutations

You are immune to sickness and miasma.
Your stone body is resilient. (AC +12)
You are immune to poison.
Your large and strong wings let you fly.
You resist negative energy. (rN+)
You are resistant to electric shocks. (rElec)
You are resistant to unholy torment.
You are immune to petrification.


   Skills:
 - Level 13.0(18.0) Fighting
 - Level 17.5(22.5) Axes
 - Level 7.0(12.0) Throwing
 - Level 13.0(18.0) Armour
 - Level 2.6(7.6) Dodging
 + Level 16.3(21.3) Shields
 - Level 10.0 Invocations


You had 16 spell levels left.
You didn't know any spells.
Your spell library was empty.

Inventory:

Hand Weapons
 f - a +2 flail of holy wrath
 l - a +0 morningstar
 z - a +2 heavy broad axe
 C - a +0 demon whip of venom
 D - the +2 broad axe "Cunniym" (weapon) {heavy, rC++ Int+2 Dex-4 Stlth+}
   (Okawaru gifted it to you on level 3 of the Lair of Beasts)

   Int:       It affects your intelligence (+2).
   Dex:       It affects your dexterity (-4).
   rC:        It greatly protects you from cold.
   Stlth:     It makes you more stealthy.
Missiles
 e - 5 silver javelins (quivered)
 m - 35 boomerangs
 I - 3 javelins
 L - 3 silver boomerangs
Armour
 c - a +10 plate armour of ponderousness (worn)
 j - a +1 helmet (worn)
 t - a +0 plate armour of cold resistance
 v - a +2 pair of gloves
 A - a +0 cloak (worn)
 E - the +0 pair of boots "Wykaxih" (worn) {rPois Regen+ SInv}
   (Okawaru gifted it to you on level 5 of the Lair of Beasts)

   rPois:     It protects you from poison.
   SInv:      It lets you see invisible.
   Regen:     It increases your rate of health regeneration.
 J - the +1 pair of gloves "Qijaokem" (worn) {*Corrode rN+ Dex+3 SInv}
   (Okawaru gifted it to you on level 2 of the Swamp)

   Dex:       It affects your dexterity (+3).
   rN:        It protects you from negative energy.
   SInv:      It lets you see invisible.
   *Corrode:  It may corrode you when you take damage.
 M - a +2 tower shield (worn)
Jewellery
 p - an amulet of faith (around neck)
 w - a +4 ring of protection (right hand)
 F - a +5 ring of evasion (left hand)
 G - an amulet of regeneration
 H - a ring of protection from fire
 K - a ring of protection from fire
Wands
 s - a wand of digging (8)
Scrolls
 a - 9 scrolls of identify
 g - 2 scrolls of brand weapon
 u - 11 scrolls of teleportation
 y - 2 scrolls of enchant weapon
Potions
 b - 7 potions of enlightenment
 d - 6 potions of might
 h - 6 potions of haste
 i - 3 potions of mutation
 k - 5 potions of curing
 n - 2 potions of resistance
 o - 2 potions of attraction
 q - 6 potions of cancellation
 r - 4 potions of lignification
 x - a potion of heal wounds
 B - 6 potions of magic

Dungeon Overview and Level Annotations

Branches:
Dungeon (15/15)            Temple (1/1) D:5            Lair (5/5) D:8
  Swamp (4/4) Lair:2       Spider (3/4) Lair:3        Slime (0/5) Lair:4
    Orc (2/2) D:11            Elf (0/3) Orc:2        Vaults (0/5) D:14
 Depths (0/4) D:15

Altars:
Ashenzari
Cheibriados
Dithmenos
Elyvilon
Fedhas
Gozag
Hepliaklqana
Kikubaaqudgha
Makhleb
Nemelex Xobeh
Okawaru
Qazlal
Ru
Sif Muna
Trog
Uskayaw
Vehumet
Wu Jian
Xom
Yredelemnul
Zin
The Shining One
Jiyva

Shops:
D:8 (   D:10 [   D:11 =!   Orc:2 [(*=

Annotations:
D:8 1 runed translucent door
Swamp:4 Mara
Spider:1 2 transporters, Arachne; qw's ghost, adept DEHu; qw's ghost, adept GrFi
Orc:1 2 transporters, Potutehi's ghost, journeyman DDFi


Message History

Mara shimmers and seems to become three!
Qw's illusion completely misses you.
You hit qw's illusion but do no damage.
Qw's illusion is lightly damaged.
Mara closely misses you. Mara gestures at you. The bolt of fire hits you!!
You block Mara's attack. x3
Qw's illusion completely misses you.
You hit qw's illusion but do no damage.
Qw's illusion is lightly damaged.
You are engulfed in a cloud of scalding steam.
Mara points ostentatiously.
Mara hits you but does no damage. x2
Mara hits you from afar with a +3 demon trident of draining.
You block qw's illusion's attack.
You slice qw's illusion!!
Qw's illusion is moderately damaged.
You are engulfed in a cloud of scalding steam.
Mara gestures at you.
The bolt of fire hits you but does no damage.
The mangrove smoulders and burns.
Mara hits you but does no damage. You block Mara's attack.
Qw's illusion hits you but does no damage.
You hit qw's illusion but do no damage.
Qw's illusion is moderately damaged.
You are engulfed in a cloud of scalding steam.
You block Mara's attack. x2; Mara blinks!
Qw's illusion hits you!
You slice qw's illusion like a ripe choko!!!
Qw's illusion is severely damaged.
You are engulfed in a cloud of scalding steam.
Mara closely misses you. You block Mara's attack. x2
You block qw's illusion's attack. Mara hits you but does no damage.
Mara blinks!
You block Mara's attack.
You slice qw's illusion!!
Qw's illusion is almost destroyed.
You are engulfed in a cloud of scalding steam.
You block qw's illusion's attack. Mara gestures at you.
The bolt of fire hits you!!!
You die...

~~~~~ ~~~~~
~~~~~ .~~..
7777777~~7
~777~.R.~..7
¤.~¤.~~~~~~.77
..~~~0..¤@¤.~7
~....77..@%R7~.7
~.~ 7~..~~~~~7
~~ 7~~.....~~7 ~
~~~.¤~.~7777
~.77R¤.~77 ~.
77~~.~ 777~~


You could see 3 Maras and qw's illusion.

Vanquished Creatures
  Kirke (Lair:3)
  A thorn hunter (Swamp:3)
  2 emperor scorpions (Spider:3)
  A fire giant (D:15)
  3 ghost moths
  Louise (Spider:1)
  2 broodmothers
  2 eleionomae
  Azrael (Spider:3)
  2 bunyips
  2 spark wasps
  3 entropy weavers
  2 shambling mangroves
  7 hydras
  Erica (D:9)
  3 radroaches
  A jorogumo (Spider:1)
  An ogre mage (D:15)
  A ghost crab (Swamp:2)
  4 catoblepae
  8 two-headed ogres
  4 centaur warriors
  2 boulder beetles
  5 alligators
  2 tengu warriors (D:15)
  6 death yaks (Lair:5)
  A death scarab (Spider:3)
  4 orc high priests (Orc:2)
  5 demonic crawlers
  Nergalle (Lair:2)
  A sun moth (Spider:1)
  3 skysharks
  Amaemon (Lair:2)
  3 skeletal warriors (D:11)
  A fire crab (shapeshifter) (D:15)
  3 pharaoh ants
  3 goliath frogs
  A death drake (Swamp:3)
  5 bog bodies
  4 spriggan druids
  10 orb spiders
  4 swamp dragons
  Pikel (D:9)
  A necromancer (D:14)
  2 deep elf pyromancers
  2 steelbarb worms
  5 ugly things
  3 orc sorcerers
  4 wolf spiders
  4 will-o-the-wisps
  An oklob plant (Lair:5)
  6 cyclopes
  3 moths of wrath
  6 manticores
  2 torpor snails
  6 elephants
  6 black mambas
  4 gargoyles
  4 cane toads
  2 rime drakes
  8 komodo dragons
  An orange demon (Lair:2)
  An unseen horror (D:10)
  2 queen bees (shapeshifter)
  3 meliai (Spider:1)
  3 polar bears
  6 trolls
  13 tarantellas
  5 hornets
  10 tyrant leeches
  28 blink frogs
  20 slime creatures
  2 shadows
  13 culicivoras
  17 jumping spiders
  7 spriggans
  A vampire (D:14)
  2 wraiths (D:11)
  Sigmund (D:3)
  3 fire elementals (Spider:3)
  54 yaks
  4 hogs (Spider:1)
  7 basilisks
  2 water elementals (D:14)
  4 wyverns
  Grum (D:9)
  23 redbacks
  A steam dragon (Lair:3)
  10 vampire mosquitoes
  A warg (Orc:2)
  11 swamp worms
  An acid dragon (D:11)
  4 swamp drakes
  14 water moccasins
  A floating eye (shapeshifter) (D:14)
  20 orc warriors
  4 hell hounds (Spider:3)
  An ice beast (D:7)
  2 sky beasts
  2 black bears
  9 ogres
  18 wolves
  12 centaurs
  2 lemures (D:9)
  5 phantoms
  11 bullfrogs
  7 scorpions
  2 gnoll sergeants
  4 wights (D:8)
  3 killer bees (D:5)
  3 howler monkeys (D:8)
  An electric eel (Spider:2)
  6 hounds
  3 jellies
  34 orc priests
  A gnoll bouda (D:7)
  2 sleepcaps
  2 iguanas (D:5)
  32 orc wizards
  9 gnolls
  10 adders
  A shadow imp (D:7)
  13 white imps
  4 worms
  4 dart slugs
  76 orcs
  9 ball pythons
  11 endoplasms
  10 giant cockroaches
  8 hobgoblins
  2 jackals (D:1)
  8 kobolds
  2 quokkas
  3 bats
  3 frilled lizards
  9 goblins
  8 rats
840 creatures vanquished.

Vanquished Creatures (others)
  2 orb spiders (Spider:3)
  An orc (D:8)
  2 foxfires (Swamp:3)
5 creatures vanquished.

Grand Total: 845 creatures vanquished

Notes
Turn   | Place    | Note
-------+----------+-------------------------------------------
     0 | D:1      | qw the Gargoyle Fighter began the quest for the Orb.
     0 | D:1      | Reached XP level 1. HP: 14/14 MP: 1/1
     0 | D:1      | 0 ||| qw: Version: 0.3-a-24-ga2abf7b
     0 | D:1      | 0 ||| qw: Game counter: 6937
     0 | D:1      | 0 ||| qw: Melee chars always use a shield: true
     0 | D:1      | 0 ||| qw: God list: Okawaru
     0 | D:1      | 0 ||| qw: Allow faded altars: false
     0 | D:1      | 0 ||| qw: Do Orc after clearing Dungeon:15 true
     0 | D:1      | 0 ||| qw: Do second Lair branch before Depths: true
     0 | D:1      | 0 ||| qw: Lair rune preference: random
     0 | D:1      | 0 ||| qw: Goals: Normal, Zot:1-4, Slime:5, God:TSO, Crypt,
                  | Tomb, Abyss, Pan, Hells, Win
     0 | D:1      | 0 ||| PLANNING D:1-11
    93 | D:1      | Reached skill level 2 in Axes
    93 | D:1      | 93 ||| Stepping ~*~*~tactically~*~*~ (hiding).
   100 | D:1      | Reached XP level 2. HP: 19/19 MP: 2/2
   400 | D:1      | Reached skill level 3 in Axes
   447 | D:1      | 447 ||| Stepping ~*~*~tactically~*~*~ (stealth).
   458 | D:1      | Reached XP level 3. HP: 22/23 MP: 3/3
   617 | D:1      | 617 ||| Stepping ~*~*~tactically~*~*~ (stealth).
   941 | D:1      | 941 ||| UPGRADING to ring of see invisible.
   942 | D:1      | 942 ||| READING 4 scrolls labelled ATOKHLOYWNI.
   943 | D:1      | 943 ||| READING scroll labelled ILU QU BUMI.
   944 | D:1      | 944 ||| READING scroll labelled PIQ FOUNGA.
  1045 | D:1      | 1045 ||| READING scroll labelled DIQOUSOLEI.
  1046 | D:1      | 1046 ||| READING 3 scrolls of identify.
  1046 | D:1      | 1046 ||| IDENTIFYING cyan potion
  1047 | D:1      | 1047 ||| DROPPING potion of invisibility.
  1102 | D:2      | Found a broken altar of Ashenzari.
  1363 | D:2      | 1363 ||| FLEEEEING.
  1738 | D:2      | 1738 ||| DROPPING scarf of shadows.
  1739 | D:2      | 1739 ||| UPGRADING to +0 chain mail.
  1749 | D:2      | 1749 ||| DROPPING +0 scale mail.
  1750 | D:2      | 1750 ||| READING scroll labelled SIHIESHRARURPH.
  1751 | D:2      | 1751 ||| READING scroll labelled OCSAYDOVE VIQU.
  1755 | D:2      | 1755 ||| READING scroll labelled EMIUTO RIOGEIK.
  1756 | D:2      | 1756 ||| READING 2 scrolls of identify.
  1756 | D:2      | 1756 ||| IDENTIFYING coppery potion
  1782 | D:3      | Noticed Sigmund
  1788 | D:3      | Reached XP level 4. HP: 15/28 MP: 4/4
  1808 | D:3      | Killed Sigmund
  1809 | D:3      | Reached skill level 5 in Axes
  1809 | D:3      | Reached XP level 5. HP: 20/32 MP: 5/5
  1815 | D:3      | 1815 ||| Stepping ~*~*~tactically~*~*~ (hiding).
  1907 | D:3      | Reached XP level 6. HP: 37/37 MP: 6/6
  1945 | D:3      | 1945 ||| DROPPING +0 whip.
  2157 | D:3      | 2157 ||| Stepping ~*~*~tactically~*~*~ (stealth).
  2534 | D:3      | 2534 ||| READING scroll labelled BIEKAO TOZU.
  2535 | D:3      | 2535 ||| READING 3 scrolls of identify.
  2535 | D:3      | 2535 ||| IDENTIFYING fuming yellow potion
  2536 | D:3      | 2536 ||| READING 2 scrolls of identify.
  2536 | D:3      | 2536 ||| IDENTIFYING pink potion
  2548 | D:4      | 2548 ||| Stepping ~*~*~tactically~*~*~ (stealth).
  2624 | D:4      | 2624 ||| DROPPING +0 mace.
  2625 | D:4      | 2625 ||| DROPPING +0 flail.
  2708 | D:4      | Reached skill level 6 in Axes
  2743 | D:4      | Reached skill level 1 in Dodging
  2743 | D:4      | Reached XP level 7. HP: 43/43 MP: 7/7
  2847 | D:4      | 2847 ||| Stepping ~*~*~tactically~*~*~ (stealth).
  3251 | D:4      | 3251 ||| Stepping ~*~*~tactically~*~*~ (hiding).
  3487 | D:4      | 3487 ||| UPGRADING to +1 pair of boots.
  3492 | D:4      | 3492 ||| UPGRADING to amulet of faith.
  3497 | D:4      | 3497 ||| READING scroll labelled GIXO BEMOFFYIKKEM.
  3498 | D:4      | 3498 ||| READING 2 scrolls of identify.
  3498 | D:4      | 3498 ||| IDENTIFYING metallic inky potion
  3499 | D:4      | 3499 ||| DROPPING potion of ambrosia.
  3513 | D:5      | Entered Level 5 of the Dungeon
  3517 | D:5      | 3517 ||| STAIRDANCE
  3669 | D:5      | Reached skill level 7 in Axes
  3707 | D:5      | HP: 10/44 [killer bee (4)]
  3708 | D:5      | 3708 ||| READING scroll of teleportation.
  3814 | D:5      | Reached XP level 8. HP: 14/49 MP: 8/8
  3995 | D:5      | Reached skill level 1 in Throwing
  4008 | D:5      | Found a hazy altar of Hepliaklqana.
  4030 | D:5      | 4030 ||| READING scroll of enchant armour.
  4030 | D:5      | 4030 ||| ENCHANTING +1 pair of boots.
  4031 | D:5      | Found a basalt altar of Yredelemnul.
  4055 | D:5      | Found a glowing golden altar of the Shining One.
  4234 | D:5      | 4234 ||| Stepping ~*~*~tactically~*~*~ (stealth).
  4345 | D:5      | 4345 ||| Stepping ~*~*~tactically~*~*~ (hiding).
  4368 | D:5      | Found a staircase to the Ecumenical Temple.
  4369 | D:5      | 4369 ||| PLANNING TEMPLE
  4369 | D:5      | 4369 ||| DROPPING ring of magical power.
  4370 | D:5      | 4370 ||| UPGRADING to ring of willpower.
  4371 | D:5      | 4371 ||| DRINKING 3 white potions.
  4372 | D:5      | 4372 ||| DRINKING 3 fizzy yellow potions.
  4373 | D:5      | 4373 ||| READING 3 scrolls of identify.
  4373 | D:5      | 4373 ||| IDENTIFYING emerald potion
  4374 | D:5      | 4374 ||| READING 2 scrolls of identify.
  4374 | D:5      | 4374 ||| IDENTIFYING sedimented coppery potion
  4375 | D:5      | 4375 ||| DROPPING potion of brilliance.
  4381 | D:5      | 4381 ||| Stepping ~*~*~tactically~*~*~ (stealth).
  4383 | D:5      | 4383 ||| Stepping ~*~*~tactically~*~*~ (stealth).
  4402 | Temple   | Entered the Ecumenical Temple
  4433 | Temple   | 4433 ||| PLANNING OKAWARU WORSHIP
  4527 | Temple   | Became a worshipper of Warmaster Okawaru
  4528 | Temple   | 4528 ||| PLANNING D:1-11
  4558 | D:5      | 4558 ||| Stepping ~*~*~tactically~*~*~ (stealth).
  4559 | D:5      | 4559 ||| Stepping ~*~*~tactically~*~*~ (stealth).
  4618 | D:5      | Found a hide-covered altar of Uskayaw.
  4743 | D:6      | 4743 ||| Stepping ~*~*~tactically~*~*~ (stealth).
  4750 | D:6      | Reached skill level 8 in Axes
  4752 | D:6      | 4752 ||| FLEEEEING.
  4753 | D:6      | 4753 ||| FLEEEEING.
  4754 | D:6      | 4754 ||| STAIRDANCE
  4773 | D:6      | 4773 ||| STAIRDANCE
  4850 | D:6      | Found a sacrificial altar of Ru.
  5010 | D:6      | 5010 ||| Stepping ~*~*~tactically~*~*~ (water).
  5014 | D:6      | Reached skill level 6 in Fighting
  5156 | D:6      | Reached * piety under Okawaru
  5171 | D:6      | 5171 ||| INVOKING Heroism.
  5223 | D:6      | Reached skill level 1 in Invocations
  5223 | D:6      | Reached XP level 9. HP: 49/55 MP: 9/9
  5503 | D:6      | 5503 ||| UPGRADING to +0 plate armour.
  5513 | D:6      | 5513 ||| DROPPING +0 chain mail.
  5592 | D:7      | 5592 ||| Stepping ~*~*~tactically~*~*~ (stealth).
  5609 | D:7      | 5609 ||| Stepping ~*~*~tactically~*~*~ (stealth).
  5613 | D:7      | 5613 ||| Stepping ~*~*~tactically~*~*~ (hiding).
  5615 | D:7      | 5615 ||| Stepping ~*~*~tactically~*~*~ (hiding).
  5617 | D:7      | 5617 ||| FLEEEEING.
  5618 | D:7      | 5618 ||| FLEEEEING.
  5619 | D:7      | 5619 ||| FLEEEEING.
  5621 | D:7      | 5621 ||| FLEEEEING.
  5622 | D:7      | 5622 ||| FLEEEEING.
  5623 | D:7      | 5623 ||| FLEEEEING.
  5624 | D:7      | 5624 ||| FLEEEEING.
  5655 | D:7      | 5655 ||| Stepping ~*~*~tactically~*~*~ (stealth).
  5669 | D:7      | 5669 ||| Stepping ~*~*~tactically~*~*~ (hiding).
  5670 | D:7      | 5670 ||| INVOKING Heroism.
  5683 | D:7      | Reached skill level 3 in Invocations
  5737 | D:7      | 5737 ||| INVOKING Heroism.
  5865 | D:7      | 5865 ||| Stepping ~*~*~tactically~*~*~ (stealth).
  5867 | D:7      | 5867 ||| Stepping ~*~*~tactically~*~*~ (stealth).
  5879 | D:7      | Reached skill level 9 in Axes
  5885 | D:7      | 5885 ||| INVOKING Heroism.
  5895 | D:7      | Reached ** piety under Okawaru
  5896 | D:7      | 5896 ||| Stepping ~*~*~tactically~*~*~ (stealth).
  6081 | D:7      | 6081 ||| SWAPPING to +1 heavy war axe.
  6082 | D:7      | 6082 ||| DROPPING +1 war axe.
  6131 | D:7      | 6131 ||| INVOKING Heroism.
  6179 | D:7      | 6179 ||| Stepping ~*~*~tactically~*~*~ (stealth).
  6180 | D:7      | 6180 ||| Stepping ~*~*~tactically~*~*~ (stealth).
  6182 | D:7      | 6182 ||| INVOKING Heroism.
  6299 | D:7      | Found a white marble altar of Elyvilon.
  6350 | D:7      | 6350 ||| UPGRADING to +0 helmet.
  6355 | D:7      | 6355 ||| UPGRADING to +2 pair of gloves.
  6360 | D:7      | 6360 ||| DROPPING scarf of shadows.
  6361 | D:7      | 6361 ||| UPGRADING to +0 cloak.
  6366 | D:7      | 6366 ||| DROPPING ring of wizardry.
  6367 | D:7      | 6367 ||| READING scroll labelled FUADATZEEC.
  6368 | D:7      | 6368 ||| DRINKING 2 smoky yellow potions.
  6535 | D:8      | Noticed a two-headed ogre
  6536 | D:8      | 6536 ||| INVOKING Heroism.
  6547 | D:8      | Killed a two-headed ogre
  6548 | D:8      | Reached XP level 10. HP: 52/63 MP: 11/13
  6631 | D:8      | Found a runed translucent door.
  6639 | D:8      | You fall into a shaft and drop 1 floor!
  6640 | D:9      | 6640 ||| UPGRADING to +4 ring of protection.
  6654 | D:8      | 6654 ||| Stepping ~*~*~tactically~*~*~ (stealth).
  6664 | D:8      | 6664 ||| INVOKING Heroism.
  6674 | D:8      | 6674 ||| Stepping ~*~*~tactically~*~*~ (stealth).
  6675 | D:8      | 6675 ||| Stepping ~*~*~tactically~*~*~ (stealth).
  6720 | D:8      | 6720 ||| Stepping ~*~*~tactically~*~*~ (stealth).
  6746 | D:8      | 6746 ||| Stepping ~*~*~tactically~*~*~ (stealth).
  6754 | D:8      | 6754 ||| Stepping ~*~*~tactically~*~*~ (hiding).
  6756 | D:8      | 6756 ||| Stepping ~*~*~tactically~*~*~ (hiding).
  6757 | D:8      | 6757 ||| Stepping ~*~*~tactically~*~*~ (hiding).
  6760 | D:8      | 6760 ||| INVOKING Heroism.
  6782 | D:8      | 6782 ||| INVOKING Heroism.
  6849 | D:8      | 6849 ||| Stepping ~*~*~tactically~*~*~ (hiding).
  6851 | D:8      | 6851 ||| Stepping ~*~*~tactically~*~*~ (hiding).
  6879 | D:8      | Found a staircase to the Lair.
  6895 | D:8      | 6895 ||| Stepping ~*~*~tactically~*~*~ (hiding).
  6917 | D:8      | 6917 ||| Stepping ~*~*~tactically~*~*~ (hiding).
  7002 | D:8      | 7002 ||| Stepping ~*~*~tactically~*~*~ (stealth).
  7119 | D:8      | 7119 ||| INVOKING Heroism.
  7144 | D:8      | 7144 ||| DRINKING 3 potions of curing.
  7144 | D:8      | 7144 ||| (to cure confusion)
  7148 | D:8      | Reached skill level 10 in Axes
  7202 | D:8      | Found Qaetuan's Weapon Boutique.
  7461 | D:8      | 7461 ||| READING scroll labelled FUNOMAKHLIU.
  7462 | D:8      | 7462 ||| PLANNING LAIR
  7462 | D:8      | 7462 ||| DRINKING 2 lumpy sapphire potions.
  7463 | D:8      | 7463 ||| READING 2 scrolls of identify.
  7463 | D:8      | 7463 ||| IDENTIFYING fuming silvery potion
  7464 | D:8      | 7464 ||| DROPPING potion of berserk rage.
  7523 | Lair:1   | Entered Level 1 of the Lair of Beasts
  7583 | Lair:1   | 7583 ||| INVOKING Heroism.
  7586 | Lair:1   | Noticed a black mamba
  7601 | Lair:1   | Killed a black mamba
  7607 | Lair:1   | 7607 ||| INVOKING Heroism.
  7773 | Lair:1   | Found a hide-covered altar of Uskayaw.
  7773 | Lair:1   | Found an ornate altar of the Wu Jian Council.
  7773 | Lair:1   | Noticed a boulder beetle
  7774 | Lair:1   | 7774 ||| INVOKING Heroism.
  7784 | Lair:1   | 7784 ||| INVOKING Heroism.
  7798 | Lair:1   | Killed a boulder beetle
  7807 | Lair:1   | Reached *** piety under Okawaru
  7808 | Lair:1   | Reached XP level 11. HP: 51/69 MP: 14/14
  7809 | Lair:1   | 7809 ||| INVOKING Heroism.
  7811 | Lair:1   | Reached skill level 11 in Axes
  7822 | Lair:1   | Reached skill level 9 in Fighting
  7937 | Lair:1   | 7937 ||| READING 2 scrolls of enchant weapon.
  7937 | Lair:1   | 7937 ||| ENCHANTING +1 heavy war axe.
  7938 | Lair:1   | 7938 ||| READING scroll of enchant weapon.
  7938 | Lair:1   | 7938 ||| ENCHANTING +2 heavy war axe.
  8177 | Lair:1   | 8177 ||| INVOKING Heroism.
  8379 | Lair:1   | 8379 ||| INVOKING Heroism.
  8385 | Lair:1   | Reached skill level 9 in Armour
  8655 | Lair:1   | 8655 ||| DROPPING ring of positive energy.
  8656 | Lair:1   | 8656 ||| DROPPING ring of willpower.
  8657 | Lair:1   | 8657 ||| READING scroll labelled FIKODU URPHO.
  8677 | Lair:2   | Noticed Nergalle
  8678 | Lair:2   | 8678 ||| INVOKING Heroism.
  8685 | Lair:2   | Killed Nergalle
  8703 | Lair:2   | 8703 ||| INVOKING Heroism.
  8758 | Lair:2   | 8758 ||| INVOKING Heroism.
  8758 | Lair:2   | Noticed a four-headed hydra
  8765 | Lair:2   | 8765 ||| SWAPPING to +0 morningstar.
  8770 | Lair:2   | Killed a four-headed hydra
  8771 | Lair:2   | 8771 ||| SWAPPING to +3 heavy war axe.
  8819 | Lair:2   | Found a staircase to the Swamp.
  8900 | Lair:2   | Noticed a seven-headed hydra
  8901 | Lair:2   | 8901 ||| INVOKING Heroism.
  8904 | Lair:2   | 8904 ||| SWAPPING to +0 morningstar.
  8910 | Lair:2   | Killed a seven-headed hydra
  8910 | Lair:2   | Reached **** piety under Okawaru
  8911 | Lair:2   | Reached skill level 12 in Axes
  8911 | Lair:2   | 8911 ||| SWAPPING to +3 heavy war axe.
  8990 | Lair:2   | 8990 ||| Stepping ~*~*~tactically~*~*~ (stealth).
  9057 | Lair:2   | 9057 ||| INVOKING Heroism.
  9072 | Lair:2   | 9072 ||| INVOKING Heroism.
  9089 | Lair:2   | Received a gift from Okawaru
  9114 | Lair:2   | Found the +6 lightning scales {swift, rElec}
  9129 | Lair:2   | 9129 ||| INVOKING Heroism.
  9197 | Lair:2   | 9197 ||| INVOKING Heroism.
  9198 | Lair:2   | Noticed a four-headed hydra
  9199 | Lair:2   | 9199 ||| Stepping ~*~*~tactically~*~*~ (stealth).
  9204 | Lair:2   | 9204 ||| SWAPPING to +0 morningstar.
  9213 | Lair:2   | 9213 ||| INVOKING Heroism.
  9223 | Lair:2   | Killed a four-headed hydra
  9224 | Lair:2   | Reached skill level 6 in Shields
  9224 | Lair:2   | 9224 ||| SWAPPING to +3 heavy war axe.
  9331 | Lair:2   | 9331 ||| INVOKING Heroism.
  9417 | Lair:2   | 9417 ||| Stepping ~*~*~tactically~*~*~ (stealth).
  9424 | Lair:2   | Reached XP level 12. HP: 76/76 MP: 15/15
  9426 | Lair:2   | Noticed a six-headed hydra
  9427 | Lair:2   | 9427 ||| INVOKING Heroism.
  9428 | Lair:2   | 9428 ||| SWAPPING to +0 morningstar.
  9440 | Lair:2   | Killed a six-headed hydra
  9441 | Lair:2   | 9441 ||| SWAPPING to +3 heavy war axe.
  9476 | Lair:2   | 9476 ||| FLEEEEING.
  9477 | Lair:2   | 9477 ||| FLEEEEING.
  9478 | Lair:2   | 9478 ||| FLEEEEING.
  9479 | Lair:2   | 9479 ||| FLEEEEING.
  9480 | Lair:2   | 9480 ||| FLEEEEING.
  9481 | Lair:2   | 9481 ||| FLEEEEING.
  9483 | Lair:2   | 9483 ||| FLEEEEING.
  9484 | Lair:2   | 9484 ||| FLEEEEING.
  9485 | Lair:2   | 9485 ||| FLEEEEING.
  9486 | Lair:2   | 9486 ||| FLEEEEING.
  9487 | Lair:2   | 9487 ||| FLEEEEING.
  9490 | Lair:2   | 9490 ||| FLEEEEING.
  9491 | Lair:2   | 9491 ||| FLEEEEING.
  9492 | Lair:2   | 9492 ||| FLEEEEING.
  9493 | Lair:2   | 9493 ||| FLEEEEING.
  9494 | Lair:2   | 9494 ||| FLEEEEING.
  9495 | Lair:2   | 9495 ||| FLEEEEING.
  9498 | Lair:2   | 9498 ||| FLEEEEING.
  9499 | Lair:2   | 9499 ||| FLEEEEING.
  9500 | Lair:2   | 9500 ||| FLEEEEING.
  9501 | Lair:2   | 9501 ||| FLEEEEING.
  9502 | Lair:2   | 9502 ||| FLEEEEING.
  9503 | Lair:2   | 9503 ||| FLEEEEING.
  9504 | Lair:2   | 9504 ||| FLEEEEING.
  9505 | Lair:2   | 9505 ||| FLEEEEING.
  9508 | Lair:2   | 9508 ||| FLEEEEING.
  9509 | Lair:2   | 9509 ||| FLEEEEING.
  9510 | Lair:2   | 9510 ||| FLEEEEING.
  9511 | Lair:2   | 9511 ||| FLEEEEING.
  9512 | Lair:2   | 9512 ||| FLEEEEING.
  9513 | Lair:2   | 9513 ||| FLEEEEING.
  9521 | Lair:2   | Reached skill level 6 in Invocations
  9654 | Lair:2   | Reached ***** piety under Okawaru
  9691 | Lair:2   | Noticed a skyshark
  9705 | Lair:2   | 9705 ||| INVOKING Heroism.
  9710 | Lair:2   | Killed a skyshark
  9928 | Lair:2   | 9928 ||| INVOKING Heroism.
  9944 | Lair:2   | Noticed Amaemon
  9945 | Lair:2   | 9945 ||| INVOKING Heroism.
  9960 | Lair:2   | Killed Amaemon
 10314 | Lair:2   | 10314 ||| DROPPING +6 ring of dexterity.
 10315 | Lair:2   | 10315 ||| READING scroll labelled QALAROEREI.
 10404 | Lair:3   | 10404 ||| Stepping ~*~*~tactically~*~*~ (stealth).
 10406 | Lair:3   | 10406 ||| Stepping ~*~*~tactically~*~*~ (stealth).
 10408 | Lair:3   | 10408 ||| INVOKING Heroism.
 10609 | Lair:3   | Found a hole to the Spider Nest.
 10763 | Lair:3   | 10763 ||| INVOKING Heroism.
 10798 | Lair:3   | 10798 ||| Stepping ~*~*~tactically~*~*~ (stealth).
 10800 | Lair:3   | 10800 ||| Stepping ~*~*~tactically~*~*~ (stealth).
 10806 | Lair:3   | 10806 ||| INVOKING Heroism.
 10815 | Lair:3   | Identified the +2 broad axe "Cunniym" {heavy, rC++ Int+2
                  | Dex-4 Stlth+} (Okawaru gifted it to you on level 3 of the
                  | Lair of Beasts)
 10815 | Lair:3   | Received a gift from Okawaru
 10840 | Lair:3   | 10840 ||| SWAPPING to +2 broad axe "Cunniym" {heavy, rC++
                  | Int+2 Dex-4 Stlth+}.
 10912 | Lair:3   | 10912 ||| INVOKING Heroism.
 11078 | Lair:3   | 11078 ||| READING scroll labelled JOCKUY DEXILEIKKU.
 11079 | Lair:3   | 11079 ||| READING scroll labelled EFIANWUNEPH.
 11080 | Lair:3   | 11080 ||| DRINKING 2 red potions.
 11081 | Lair:3   | 11081 ||| DRINKING 2 bubbling grey potions.
 11150 | Lair:4   | 11150 ||| Stepping ~*~*~tactically~*~*~ (stealth).
 11152 | Lair:4   | 11152 ||| Stepping ~*~*~tactically~*~*~ (hiding).
 11220 | Lair:4   | 11220 ||| Stepping ~*~*~tactically~*~*~ (stealth).
 11226 | Lair:4   | 11226 ||| Stepping ~*~*~tactically~*~*~ (stealth).
 11235 | Lair:4   | 11235 ||| INVOKING Heroism.
 11240 | Lair:4   | Reached skill level 9 in Invocations
 11242 | Lair:4   | Found a frozen archway.
 11260 | Lair:4   | 11260 ||| Stepping ~*~*~tactically~*~*~ (hiding).
 11357 | Lair:4   | 11357 ||| INVOKING Heroism.
 11443 | Lair:4   | Received a gift from Okawaru
 11444 | Lair:4   | Reached skill level 13 in Axes
 11444 | Lair:4   | Reached XP level 13. HP: 71/82 MP: 20/20
 11791 | Lair:4   | 11791 ||| Stepping ~*~*~tactically~*~*~ (stealth).
 11848 | Lair:4   | Found a viscous altar of Jiyva.
 11853 | Lair:4   | Found a staircase to the Slime Pits.
 12140 | Lair:5   | Entered Level 5 of the Lair of Beasts
 12141 | Lair:5   | 12141 ||| INVOKING Heroism.
 12226 | Lair:5   | 12226 ||| INVOKING Heroism.
 12247 | Lair:5   | Identified the +0 pair of boots "Wykaxih" {rPois Regen+
                  | SInv} (Okawaru gifted it to you on level 5 of the Lair of
                  | Beasts)
 12247 | Lair:5   | Received a gift from Okawaru
 12272 | Lair:5   | 12272 ||| INVOKING Heroism.
 12273 | Lair:5   | 12273 ||| INVOKING Finesse.
 12329 | Lair:5   | 12329 ||| INVOKING Heroism.
 12335 | Lair:5   | 12335 ||| Stepping ~*~*~tactically~*~*~ (stealth).
 12343 | Lair:5   | Reached skill level 14 in Axes
 12348 | Lair:5   | 12348 ||| INVOKING Finesse.
 12352 | Lair:5   | 12352 ||| INVOKING Heroism.
 12405 | Lair:5   | 12405 ||| INVOKING Heroism.
 12476 | Lair:5   | 12476 ||| Stepping ~*~*~tactically~*~*~ (stealth).
 12479 | Lair:5   | 12479 ||| Stepping ~*~*~tactically~*~*~ (stealth).
 12492 | Lair:5   | 12492 ||| Stepping ~*~*~tactically~*~*~ (stealth).
 12496 | Lair:5   | 12496 ||| INVOKING Heroism.
 12547 | Lair:5   | 12547 ||| INVOKING Finesse.
 12551 | Lair:5   | 12551 ||| INVOKING Heroism.
 12556 | Lair:5   | Reached skill level 3 in Throwing
 12800 | Lair:5   | 12800 ||| INVOKING Heroism.
 13028 | Lair:5   | 13028 ||| INVOKING Heroism.
 13081 | Lair:5   | 13081 ||| FLEEEEING.
 13082 | Lair:5   | 13082 ||| FLEEEEING.
 13083 | Lair:5   | 13083 ||| FLEEEEING.
 13084 | Lair:5   | 13084 ||| FLEEEEING.
 13085 | Lair:5   | 13085 ||| FLEEEEING.
 13086 | Lair:5   | 13086 ||| Stepping ~*~*~tactically~*~*~ (hiding).
 13087 | Lair:5   | 13087 ||| Stepping ~*~*~tactically~*~*~ (hiding).
 13094 | Lair:5   | 13094 ||| INVOKING Heroism.
 13097 | Lair:5   | 13097 ||| SWAPPING to +0 demon whip of venom.
 13101 | Lair:5   | 13101 ||| INVOKING Finesse.
 13119 | Lair:5   | Gained mutation: Your large and strong wings let you fly.
                  | [Gargoyle growth]
 13119 | Lair:5   | Reached XP level 14. HP: 60/90 MP: 14/21
 13119 | Lair:5   | 13119 ||| SWAPPING to +2 broad axe "Cunniym" {heavy, rC++
                  | Int+2 Dex-4 Stlth+}.
 13293 | Lair:5   | 13293 ||| Stepping ~*~*~tactically~*~*~ (stealth).
 13746 | Lair:5   | 13746 ||| Stepping ~*~*~tactically~*~*~ (hiding).
 13748 | Lair:5   | 13748 ||| Stepping ~*~*~tactically~*~*~ (hiding).
 13749 | Lair:5   | 13749 ||| Stepping ~*~*~tactically~*~*~ (hiding).
 14023 | Lair:5   | 14023 ||| INVOKING Heroism.
 14024 | Lair:5   | 14024 ||| INVOKING Finesse.
 14068 | Lair:5   | 14068 ||| INVOKING Heroism.
 14244 | Lair:5   | 14244 ||| PLANNING D:1-11
 14244 | Lair:5   | 14244 ||| UPGRADING to +0 pair of boots "Wykaxih" {rPois
                  | Regen+ SInv}.
 14254 | Lair:5   | 14254 ||| REMOVING ring of see invisible.
 14255 | Lair:5   | 14255 ||| DROPPING +2 pair of boots.
 14256 | Lair:5   | 14256 ||| DROPPING ring of see invisible.
 14257 | Lair:5   | 14257 ||| UPGRADING to +4 ring of slaying {mikee}.
 14258 | Lair:5   | 14258 ||| DRINKING 2 fuming green potions.
 14259 | Lair:5   | 14259 ||| DROPPING potion of degeneration.
 14425 | D:9      | Noticed Erica
 14426 | D:9      | 14426 ||| INVOKING Heroism.
 14430 | D:9      | Killed Erica
 14585 | D:9      | Noticed Grum
 14586 | D:9      | 14586 ||| INVOKING Heroism.
 14589 | D:9      | Killed Grum
 14666 | D:9      | 14666 ||| Stepping ~*~*~tactically~*~*~ (stealth).
 14672 | D:9      | 14672 ||| Stepping ~*~*~tactically~*~*~ (hiding).
 14687 | D:9      | Found an ornate altar of the Wu Jian Council.
 14697 | D:9      | Found a shimmering altar of Xom.
 14697 | D:9      | Found a burning altar of Makhleb.
 14699 | D:9      | Found a snail-covered altar of Cheibriados.
 15023 | D:9      | Noticed Pikel
 15032 | D:9      | Killed Pikel
 15041 | D:9      | 15041 ||| UPGRADING to +0 kite shield.
 15051 | D:9      | 15051 ||| DROPPING +0 buckler.
 15052 | D:9      | 15052 ||| DROPPING +6 ring of intelligence.
 15056 | D:10     | Entered Level 10 of the Dungeon
 15081 | D:10     | Found a glowing silver altar of Zin.
 15182 | D:10     | 15182 ||| Stepping ~*~*~tactically~*~*~ (stealth).
 15184 | D:10     | 15184 ||| Stepping ~*~*~tactically~*~*~ (stealth).
 15251 | D:10     | Found a blossoming altar of Fedhas.
 15265 | D:10     | Found a stormy altar of Qazlal.
 15416 | D:10     | Found a shadowy altar of Dithmenos.
 15418 | D:10     | Received a gift from Okawaru
 15438 | D:10     | Found Yradei's Antique Armour Emporium.
 15453 | D:10     | 15453 ||| SHOPLISTING crystal plate armour (2480 gold, have
                  | 1228).
 15453 | D:10     | 15453 ||| SHOPLISTING glowing fire dragon scales (1953
                  | gold, have 1228).
 15541 | D:10     | 15541 ||| Stepping ~*~*~tactically~*~*~ (hiding).
 15697 | D:11     | Found a staircase to the Orcish Mines.
 15698 | D:11     | 15698 ||| Stepping ~*~*~tactically~*~*~ (hiding).
 15840 | D:11     | 15840 ||| Stepping ~*~*~tactically~*~*~ (hiding).
 15842 | D:11     | 15842 ||| Stepping ~*~*~tactically~*~*~ (hiding).
 15843 | D:11     | 15843 ||| INVOKING Heroism.
 15855 | D:11     | Reached skill level 9 in Shields
 15913 | D:11     | Found Qauvus's Jewellery Emporium.
 15925 | D:11     | 15925 ||| BUYING +5 ring of evasion (576 gold).
 15925 | D:11     | Bought a +5 ring of evasion for 576 gold pieces
 15925 | D:11     | 15925 ||| BUYING amulet of regeneration (480 gold).
 15925 | D:11     | Bought an amulet of regeneration for 480 gold pieces
 15925 | D:11     | 15925 ||| SHOPLISTING ring of ice (400 gold, have 184).
 15925 | D:11     | 15925 ||| SHOPLISTING ring of resist corrosion (320 gold,
                  | have 184).
 15947 | D:11     | 15947 ||| Stepping ~*~*~tactically~*~*~ (hiding).
 15956 | D:11     | 15956 ||| Stepping ~*~*~tactically~*~*~ (hiding).
 16064 | D:11     | Found Fota's Distillery.
 16072 | D:11     | 16072 ||| BUYING potion of cancellation (136 gold).
 16072 | D:11     | Bought a potion of cancellation for 136 gold pieces
 16072 | D:11     | 16072 ||| SHOPLISTING potion of curing (51 gold, have 48).
 16072 | D:11     | 16072 ||| SHOPLISTING potion of haste (170 gold, have 48).
 16072 | D:11     | 16072 ||| SHOPLISTING potion of heal wounds (85 gold, have
                  | 48).
 16072 | D:11     | 16072 ||| SHOPLISTING potion of mutation (136 gold, have
                  | 48).
 16144 | D:11     | 16144 ||| Stepping ~*~*~tactically~*~*~ (hiding).
 16542 | D:11     | 16542 ||| PLANNING D
 16542 | D:11     | 16542 ||| DROPPING amulet of the acrobat.
 16543 | D:11     | 16543 ||| UPGRADING to +5 ring of evasion.
 16545 | D:11     | 16545 ||| DROPPING +4 ring of slaying {mikee}.
 16609 | D:12     | 16609 ||| Stepping ~*~*~tactically~*~*~ (hiding).
 16942 | D:12     | 16942 ||| Stepping ~*~*~tactically~*~*~ (stealth).
 17045 | D:12     | 17045 ||| FLEEEEING.
 17046 | D:12     | 17046 ||| FLEEEEING.
 17321 | D:12     | 17321 ||| READING scroll labelled QARUAF OTROARPH.
 17321 | D:12     | Identified a scroll of acquirement
 17321 | D:12     | 17321 ||| ACQUIRING +2 heavy broad axe
 17321 | D:12     | Acquired a +2 heavy broad axe
 17323 | D:12     | 17323 ||| DROPPING +3 heavy war axe.
 17374 | D:13     | Received a gift from Okawaru
 17441 | D:13     | Found an iron altar of Okawaru.
 17458 | D:13     | 17458 ||| INVOKING Heroism.
 18232 | D:13     | 18232 ||| READING scroll labelled CINOMNUCVE.
 18259 | D:14     | 18259 ||| Stepping ~*~*~tactically~*~*~ (hiding).
 18433 | D:14     | 18433 ||| Stepping ~*~*~tactically~*~*~ (stealth).
 18434 | D:14     | 18434 ||| Stepping ~*~*~tactically~*~*~ (stealth).
 18448 | D:14     | 18448 ||| INVOKING Heroism.
 18456 | D:14     | Reached skill level 12 in Shields
 18513 | D:14     | 18513 ||| Stepping ~*~*~tactically~*~*~ (hiding).
 18514 | D:14     | 18514 ||| Stepping ~*~*~tactically~*~*~ (hiding).
 18515 | D:14     | 18515 ||| Stepping ~*~*~tactically~*~*~ (hiding).
 18529 | D:14     | 18529 ||| Stepping ~*~*~tactically~*~*~ (stealth).
 18530 | D:14     | 18530 ||| Stepping ~*~*~tactically~*~*~ (stealth).
 18532 | D:14     | 18532 ||| Stepping ~*~*~tactically~*~*~ (stealth).
 18557 | D:14     | 18557 ||| INVOKING Heroism.
 18558 | D:14     | 18558 ||| INVOKING Finesse.
 18562 | D:14     | 18562 ||| SWAPPING to +0 demon whip of venom.
 18566 | D:14     | 18566 ||| SWAPPING to +2 broad axe "Cunniym" {heavy, rC++
                  | Int+2 Dex-4 Stlth+}.
 18761 | D:14     | 18761 ||| INVOKING Heroism.
 18762 | D:14     | 18762 ||| INVOKING Finesse.
 18770 | D:14     | Received a gift from Okawaru
 18772 | D:14     | Reached XP level 15. HP: 72/95 MP: 15/22
 18783 | D:14     | Reached skill level 6 in Throwing
 18932 | D:14     | 18932 ||| Stepping ~*~*~tactically~*~*~ (stealth).
 18941 | D:14     | 18941 ||| FLEEEEING.
 18942 | D:14     | 18942 ||| FLEEEEING.
 18943 | D:14     | 18943 ||| FLEEEEING.
 18944 | D:14     | 18944 ||| FLEEEEING.
 18953 | D:14     | Reached skill level 15 in Axes
 19081 | D:14     | Found a gate to the Vaults.
 19086 | D:14     | Received a gift from Okawaru
 19299 | D:15     | Entered Level 15 of the Dungeon
 19304 | D:15     | 19304 ||| Stepping ~*~*~tactically~*~*~ (stealth).
 19335 | D:15     | Reached skill level 12 in Fighting
 19366 | D:15     | 19366 ||| Stepping ~*~*~tactically~*~*~ (cloud).
 19432 | D:15     | 19432 ||| Stepping ~*~*~tactically~*~*~ (hiding).
 19455 | D:15     | 19455 ||| Stepping ~*~*~tactically~*~*~ (stealth).
 19462 | D:15     | Received a gift from Okawaru
 19486 | D:15     | 19486 ||| Stepping ~*~*~tactically~*~*~ (hiding).
 19494 | D:15     | Received a gift from Okawaru
 19626 | D:15     | 19626 ||| Stepping ~*~*~tactically~*~*~ (hiding).
 19629 | D:15     | 19629 ||| Stepping ~*~*~tactically~*~*~ (hiding).
 19634 | D:15     | 19634 ||| Stepping ~*~*~tactically~*~*~ (hiding).
 19652 | D:15     | 19652 ||| Stepping ~*~*~tactically~*~*~ (hiding).
 19663 | D:15     | Reached skill level 12 in Armour
 19684 | D:15     | 19684 ||| Stepping ~*~*~tactically~*~*~ (stealth).
 19694 | D:15     | 19694 ||| Stepping ~*~*~tactically~*~*~ (hiding).
 19697 | D:15     | 19697 ||| INVOKING Heroism.
 19701 | D:15     | Paralysed by an ogre mage for 2 turns
 19742 | D:15     | Found a staircase to the Depths.
 19748 | D:15     | Noticed a fire giant
 19749 | D:15     | 19749 ||| INVOKING Heroism.
 19750 | D:15     | 19750 ||| INVOKING Finesse.
 19758 | D:15     | Killed a fire giant
 19969 | D:15     | 19969 ||| PLANNING ORC
 19969 | D:15     | 19969 ||| DROPPING +1 pair of gloves of hurling.
 20102 | Orc:1    | Entered Level 1 of the Orcish Mines
 20210 | Orc:1    | 20210 ||| UPGRADING to +10 plate armour of ponderousness.
 20220 | Orc:1    | 20220 ||| DROPPING +0 plate armour.
 20228 | Orc:2    | Entered Level 2 of the Orcish Mines
 20320 | Orc:1    | 20320 ||| INVOKING Heroism.
 20462 | Orc:1    | Noticed an orc warlord
 20465 | Orc:1    | Found a transporter.
 20467 | Orc:1    | Noticed Potutehi's ghost (journeyman DDFi)
 20490 | Orc:1    | Found a transporter.
 20495 | Orc:1    | Found a bloodstained altar of Trog.
 20734 | Orc:2    | 20734 ||| Stepping ~*~*~tactically~*~*~ (stealth).
 20805 | Orc:2    | 20805 ||| INVOKING Heroism.
 20830 | Orc:2    | 20830 ||| INVOKING Heroism.
 20835 | Orc:2    | 20835 ||| Stepping ~*~*~tactically~*~*~ (stealth).
 20869 | Orc:2    | 20869 ||| Stepping ~*~*~tactically~*~*~ (stealth).
 20870 | Orc:2    | 20870 ||| Stepping ~*~*~tactically~*~*~ (stealth).
 20878 | Orc:2    | Reached skill level 16 in Axes
 20904 | Orc:2    | Found a staircase to the Elven Halls.
 21022 | Orc:2    | Found Xougg's Jewellery Shop.
 21022 | Orc:2    | Found Majacott's General Store.
 21023 | Orc:2    | Found Pigoxoo's Armour Boutique.
 21027 | Orc:2    | Found Ciremaat's Antique Weapon Boutique.
 21030 | Orc:2    | 21030 ||| BUYING ring of protection from fire (375 gold).
 21030 | Orc:2    | Bought a ring of protection from fire for 375 gold pieces
 21033 | Orc:2    | 21033 ||| BUYING glowing war axe (156 gold).
 21033 | Orc:2    | Bought a glowing war axe for 156 gold pieces
 21033 | Orc:2    | 21033 ||| DROPPING +5 heavy war axe.
 21150 | Orc:2    | 21150 ||| FLEEEEING.
 21151 | Orc:2    | 21151 ||| FLEEEEING.
 21167 | Orc:2    | Received a gift from Okawaru
 21220 | Orc:2    | 21220 ||| INVOKING Heroism.
 21463 | Orc:2    | 21463 ||| PLANNING SWAMP:1-3
 21463 | Orc:2    | 21463 ||| DROPPING ring of fire.
 21598 | Swamp:1  | Entered Level 1 of the Swamp
 21602 | Swamp:1  | 21602 ||| STAIRDANCE
 21636 | Swamp:1  | 21636 ||| INVOKING Heroism.
 21699 | Swamp:1  | 21699 ||| Stepping ~*~*~tactically~*~*~ (stealth).
 21703 | Swamp:1  | 21703 ||| Stepping ~*~*~tactically~*~*~ (stealth).
 21706 | Swamp:1  | 21706 ||| INVOKING Heroism.
 21714 | Swamp:1  | 21714 ||| Stepping ~*~*~tactically~*~*~ (stealth).
 21726 | Swamp:1  | Received a gift from Okawaru
 21780 | Swamp:1  | 21780 ||| READING scroll of enchant armour.
 21780 | Swamp:1  | 21780 ||| ENCHANTING +0 helmet.
 21976 | Swamp:1  | 21976 ||| INVOKING Heroism.
 22090 | Swamp:1  | 22090 ||| Stepping ~*~*~tactically~*~*~ (stealth).
 22175 | Swamp:2  | 22175 ||| INVOKING Heroism.
 22195 | Swamp:2  | 22195 ||| Stepping ~*~*~tactically~*~*~ (hiding).
 22230 | Swamp:2  | 22230 ||| INVOKING Heroism.
 22240 | Swamp:2  | Identified the +1 pair of gloves "Qijaokem" {*Corrode rN+
                  | Dex+3 SInv} (Okawaru gifted it to you on level 2 of the
                  | Swamp)
 22240 | Swamp:2  | Received a gift from Okawaru
 22244 | Swamp:2  | Reached XP level 16. HP: 101/101 MP: 23/23
 22284 | Swamp:2  | 22284 ||| Stepping ~*~*~tactically~*~*~ (hiding).
 22429 | Swamp:2  | 22429 ||| Stepping ~*~*~tactically~*~*~ (hiding).
 22448 | Swamp:2  | 22448 ||| Stepping ~*~*~tactically~*~*~ (stealth).
 22454 | Swamp:2  | 22454 ||| INVOKING Heroism.
 22623 | Swamp:2  | Found a basalt altar of Yredelemnul.
 22631 | Swamp:2  | 22631 ||| Stepping ~*~*~tactically~*~*~ (hiding).
 22634 | Swamp:2  | 22634 ||| Stepping ~*~*~tactically~*~*~ (hiding).
 22745 | Swamp:2  | 22745 ||| Stepping ~*~*~tactically~*~*~ (hiding).
 22753 | Swamp:2  | 22753 ||| INVOKING Heroism.
 22958 | Swamp:3  | 22958 ||| STAIRDANCE
 23016 | Swamp:3  | 23016 ||| Stepping ~*~*~tactically~*~*~ (cloud).
 23060 | Swamp:3  | 23060 ||| INVOKING Heroism.
 23128 | Swamp:3  | 23128 ||| Stepping ~*~*~tactically~*~*~ (hiding).
 23137 | Swamp:3  | Noticed a thorn hunter
 23138 | Swamp:3  | 23138 ||| INVOKING Heroism.
 23139 | Swamp:3  | 23139 ||| INVOKING Finesse.
 23145 | Swamp:3  | Killed a thorn hunter
 23146 | Swamp:3  | Reached skill level 17 in Axes
 23182 | Swamp:3  | 23182 ||| Stepping ~*~*~tactically~*~*~ (hiding).
 23185 | Swamp:3  | 23185 ||| Stepping ~*~*~tactically~*~*~ (hiding).
 23190 | Swamp:3  | 23190 ||| INVOKING Heroism.
 23193 | Swamp:3  | 23193 ||| SWAPPING to +0 demon whip of venom.
 23214 | Swamp:3  | 23214 ||| SWAPPING to +2 broad axe "Cunniym" {heavy, rC++
                  | Int+2 Dex-4 Stlth+}.
 23249 | Swamp:3  | 23249 ||| INVOKING Heroism.
 23337 | Swamp:3  | 23337 ||| INVOKING Heroism.
 23412 | Swamp:3  | 23412 ||| INVOKING Heroism.
 23713 | Swamp:3  | 23713 ||| PLANNING SPIDER:1-3
 23821 | Spider:1 | Entered Level 1 of the Spider Nest
 23821 | Spider:1 | Noticed Kirke
 23822 | Spider:1 | 23822 ||| INVOKING Heroism.
 23831 | Spider:1 | 23831 ||| STAIRDANCE
 23833 | Lair:3   | 23833 ||| FLEEEEING.
 23834 | Lair:3   | 23834 ||| FLEEEEING.
 23835 | Lair:3   | 23835 ||| FLEEEEING.
 23836 | Lair:3   | 23836 ||| FLEEEEING.
 23837 | Lair:3   | 23837 ||| FLEEEEING.
 23838 | Lair:3   | 23838 ||| FLEEEEING.
 23839 | Lair:3   | Noticed a sphinx
 23839 | Lair:3   | 23839 ||| DRINKING 6 potions of cancellation.
 23843 | Lair:3   | Killed Kirke
 23866 | Spider:1 | 23866 ||| Stepping ~*~*~tactically~*~*~ (hiding).
 23886 | Spider:1 | Found a transporter.
 23890 | Spider:1 | Found a transporter.
 23895 | Spider:1 | 23895 ||| FLEEEEING.
 23895 | Spider:1 | Noticed Arachne
 23896 | Spider:1 | 23896 ||| FLEEEEING.
 23897 | Spider:1 | 23897 ||| FLEEEEING.
 23897 | Spider:1 | Noticed qw's ghost (adept DEHu)
 23898 | Spider:1 | 23898 ||| FLEEEEING.
 23899 | Spider:1 | 23899 ||| FLEEEEING.
 23902 | Spider:1 | 23902 ||| FLEEEEING.
 23904 | Spider:1 | Noticed qw's ghost (adept GrFi)
 23927 | Spider:1 | 23927 ||| Stepping ~*~*~tactically~*~*~ (hiding).
 23943 | Spider:1 | Received a gift from Okawaru
 24046 | Spider:1 | 24046 ||| INVOKING Heroism.
 24078 | Spider:1 | 24078 ||| INVOKING Heroism.
 24104 | Spider:1 | 24104 ||| INVOKING Heroism.
 24111 | Spider:1 | Received a gift from Okawaru
 24112 | Spider:1 | 24112 ||| Stepping ~*~*~tactically~*~*~ (stealth).
 24171 | Spider:1 | 24171 ||| Stepping ~*~*~tactically~*~*~ (hiding).
 24172 | Spider:1 | 24172 ||| INVOKING Heroism.
 24356 | Spider:1 | 24356 ||| Stepping ~*~*~tactically~*~*~ (stealth).
 24391 | Spider:1 | 24391 ||| INVOKING Finesse.
 24392 | Spider:1 | Noticed Louise
 24393 | Spider:1 | 24393 ||| INVOKING Heroism.
 24404 | Spider:1 | Killed Louise
 24429 | Spider:1 | 24429 ||| Stepping ~*~*~tactically~*~*~ (stealth).
 24434 | Spider:1 | Received a gift from Okawaru
 24500 | Spider:1 | 24500 ||| Stepping ~*~*~tactically~*~*~ (hiding).
 24503 | Spider:1 | 24503 ||| INVOKING Heroism.
 24695 | Spider:1 | 24695 ||| UPGRADING to +2 tower shield.
 24705 | Spider:1 | 24705 ||| DROPPING +0 kite shield.
 24712 | Spider:2 | 24712 ||| Stepping ~*~*~tactically~*~*~ (stealth).
 24730 | Spider:2 | 24730 ||| INVOKING Heroism.
 24732 | Spider:2 | 24732 ||| Stepping ~*~*~tactically~*~*~ (hiding).
 24837 | Spider:2 | 24837 ||| Stepping ~*~*~tactically~*~*~ (stealth).
 24858 | Spider:2 | 24858 ||| INVOKING Finesse.
 24860 | Spider:2 | 24860 ||| Stepping ~*~*~tactically~*~*~ (stealth).
 24890 | Spider:2 | 24890 ||| Stepping ~*~*~tactically~*~*~ (stealth).
 24891 | Spider:2 | 24891 ||| Stepping ~*~*~tactically~*~*~ (stealth).
 24892 | Spider:2 | 24892 ||| Stepping ~*~*~tactically~*~*~ (stealth).
 24893 | Spider:2 | 24893 ||| Stepping ~*~*~tactically~*~*~ (stealth).
 24907 | Spider:2 | 24907 ||| INVOKING Heroism.
 24910 | Spider:2 | 24910 ||| Stepping ~*~*~tactically~*~*~ (hiding).
 24911 | Spider:2 | 24911 ||| Stepping ~*~*~tactically~*~*~ (hiding).
 24986 | Spider:2 | 24986 ||| Stepping ~*~*~tactically~*~*~ (stealth).
 24990 | Spider:2 | Reached XP level 17. HP: 108/108 MP: 24/24
 25003 | Spider:2 | 25003 ||| DRINKING 5 potions of curing.
 25003 | Spider:2 | 25003 ||| (to cure confusion)
 25057 | Spider:2 | 25057 ||| Stepping ~*~*~tactically~*~*~ (stealth).
 25058 | Spider:2 | 25058 ||| Stepping ~*~*~tactically~*~*~ (stealth).
 25059 | Spider:2 | 25059 ||| Stepping ~*~*~tactically~*~*~ (stealth).
 25060 | Spider:2 | 25060 ||| Stepping ~*~*~tactically~*~*~ (stealth).
 25304 | Spider:3 | 25304 ||| STAIRDANCE
 25320 | Spider:3 | Received a gift from Okawaru
 25321 | Spider:3 | 25321 ||| STAIRDANCE
 25504 | Spider:3 | 25504 ||| INVOKING Finesse.
 25554 | Spider:3 | 25554 ||| Stepping ~*~*~tactically~*~*~ (stealth).
 25574 | Spider:3 | 25574 ||| Stepping ~*~*~tactically~*~*~ (hiding).
 25642 | Spider:3 | 25642 ||| Stepping ~*~*~tactically~*~*~ (stealth).
 25644 | Spider:3 | 25644 ||| Stepping ~*~*~tactically~*~*~ (stealth).
 25650 | Spider:3 | 25650 ||| Stepping ~*~*~tactically~*~*~ (stealth).
 25661 | Spider:3 | 25661 ||| INVOKING Heroism.
 25667 | Spider:3 | HP: 6/108 [disintegration (50)]
 25668 | Spider:3 | 25668 ||| READING 11 scrolls of teleportation.
 25669 | Spider:3 | 25669 ||| DRINKING 3 potions of heal wounds.
 25782 | Spider:3 | 25782 ||| FLEEEEING.
 25783 | Spider:3 | 25783 ||| FLEEEEING.
 25784 | Spider:3 | 25784 ||| FLEEEEING.
 25786 | Spider:3 | 25786 ||| FLEEEEING.
 25787 | Spider:3 | 25787 ||| FLEEEEING.
 25788 | Spider:3 | 25788 ||| Stepping ~*~*~tactically~*~*~ (stealth).
 25791 | Spider:3 | 25791 ||| INVOKING Heroism.
 25803 | Spider:3 | Received a gift from Okawaru
 25804 | Spider:3 | Reached skill level 15 in Shields
 25811 | Spider:3 | 25811 ||| INVOKING Heroism.
 25873 | Spider:3 | Identified the +4 hand axe of Expedience {venom, Fragile
                  | Fly rPois rF+}
 25993 | Spider:3 | 25993 ||| Stepping ~*~*~tactically~*~*~ (stealth).
 25996 | Spider:3 | 25996 ||| Stepping ~*~*~tactically~*~*~ (stealth).
 26002 | Spider:3 | 26002 ||| INVOKING Heroism.
 26008 | Spider:3 | HP: 19/108 [disintegration (25)]
 26009 | Spider:3 | 26009 ||| READING 12 scrolls of teleportation.
 26010 | Spider:3 | 26010 ||| DRINKING 2 potions of heal wounds.
 26193 | Spider:3 | 26193 ||| Stepping ~*~*~tactically~*~*~ (stealth).
 26194 | Spider:3 | 26194 ||| Stepping ~*~*~tactically~*~*~ (stealth).
 26196 | Spider:3 | 26196 ||| INVOKING Heroism.
 26202 | Spider:3 | 26202 ||| Stepping ~*~*~tactically~*~*~ (stealth).
 26203 | Spider:3 | 26203 ||| Stepping ~*~*~tactically~*~*~ (stealth).
 26205 | Spider:3 | Received a gift from Okawaru
 26207 | Spider:3 | 26207 ||| Stepping ~*~*~tactically~*~*~ (stealth).
 26212 | Spider:3 | Noticed Azrael
 26228 | Spider:3 | Killed Azrael
 26276 | Spider:3 | 26276 ||| Stepping ~*~*~tactically~*~*~ (stealth).
 26281 | Spider:3 | 26281 ||| Stepping ~*~*~tactically~*~*~ (stealth).
 26439 | Spider:3 | 26439 ||| Stepping ~*~*~tactically~*~*~ (stealth).
 26440 | Spider:3 | 26440 ||| Stepping ~*~*~tactically~*~*~ (stealth).
 26442 | Spider:3 | 26442 ||| INVOKING Heroism.
 26454 | Spider:3 | Received a gift from Okawaru
 26492 | Spider:3 | 26492 ||| INVOKING Heroism.
 26647 | Spider:3 | 26647 ||| INVOKING Heroism.
 26937 | Spider:3 | 26937 ||| PLANNING SWAMP:4
 26937 | Spider:3 | 26937 ||| UPGRADING to +1 pair of gloves "Qijaokem"
                  | {*Corrode rN+ Dex+3 SInv}.
 27102 | Swamp:4  | Entered Level 4 of the Swamp
 27102 | Swamp:4  | Noticed Mara
 27103 | Swamp:4  | 27103 ||| INVOKING Heroism.
 27105 | Swamp:4  | Noticed qw's illusion
 27121 | Swamp:4  | 27121 ||| INVOKING Heroism.
 27144 | Swamp:4  | Killed from afar by Mara

Levels and vault maps discovered:
D:1:      beargit_arrival_diablo_church, layout_basic, dk_noncrumbling_2,
          hangedman_decor_clover_reticule
D:2:      kennysheep_big_flooded_room, layout_basic, basic_altar
D:3:      layout_basic, nrook_mini_backslash, uniq_sigmund
D:4:      layout_loops_ring
D:5:      corexii_shack_village, layout_basic,
          mainiacjoe_overflow_small_starburst, nicolae_hepliaklqana_hazy_memory,
          mainiacjoe_overflow_24_doors, mainiacjoe_overflow_alcove_4,
          minmay_temple_entry_proselytizer
D:6:      layout_basic, nicolae_ru_sacrificial_ziggurat
D:7:      layout_cave_pools, lemuel_round_altar, minmay_misc_feat_tower,
          minmay_circle_x
D:8:      gammafunk_indiana_jones, layout_gridville, lair_entry_dummy,
          serial_shops, shop, st_stairs_8
D:9:      layout_basic, mainiacjoe_overflow_alcove_3, uniq_grum, uniq_erica,
          uniq_pikel
D:10:     layout_roguey, lemuel_crystal_altar,
          grunt_temple_overflow_forces_of_nature, grunt_dithmenos_shadows,
          serial_shops, nicolae_shop_gibbet_a_chance, minmay_misc_feat_square
D:11:     layout_roguey, david_orc_2, serial_shops, shop, shop,
          hangedman_glass_teeth
D:12:     layout_basic
D:13:     layout_layer_cave, kennysheep_okawaru_gauntlet
D:14:     layout_basic, david_vaults_1, serial_bayou_ford_a
D:15:     grunt_enter_depths_giant_problem, layout_basic, glass_columns_c
Temple:   nicolae_temple_godpark
Lair:1:   layout_cave_shapes, nzn_masters_of_martial_movement
Lair:2:   nzn_winding_woodlands_medium [nzn_winding_woodlands_5x5_open_star,
          nzn_winding_woodlands_5x15_zeroes,
          nzn_winding_woodlands_5x5_closed_star,
          nzn_winding_woodlands_5x5_cross,
          nzn_winding_woodlands_center_triple_pond,
          nzn_winding_woodlands_5x5_three,
          nzn_winding_woodlands_5x5_checkerboard,
          nzn_winding_woodlands_5x15_longhouse,
          nzn_winding_woodlands_5x5_perimeter], layout_regular_city, swamp_mist,
          small_statue_intersection, uniq_amaemon, uniq_nergalle
Lair:3:   layout_chaotic_city, nicolae_spider_entry_non_spiders,
          lemuel_fruit_tree
Lair:4:   layout_loops_ring, dpeg_slime_entry_corner,
          portal_ice_cave_entry_imps, serial_forest,
          infiniplex_forest_end_double, infiniplex_forest_pool,
          infiniplex_forest_straight_4, infiniplex_forest_straight_4,
          infiniplex_forest_lined_ring, infiniplex_forest_lined_2,
          infiniplex_forest_straight_5
Lair:5:   evilmike_catoblepas_cave, layout_layer_cave, minmay_lair_oklob_items
Swamp:1:  layout_falls_marsh, nicolae_swamp_tree_isthmus
Swamp:2:  layout_basic_swamp, nicolae_swamp_godswood, infiniplex_staircase_pool
Swamp:3:  layout_basic_swamp, serial_swamp_ruin, evilmike_swamp_ruin_house_4,
          evilmike_swamp_ruin_house_5, swamp_pool1, nicolae_swamp_little_swirl
Swamp:4:  swamp, layout_basic_swamp, uniq_aizul, uniq_mara
Spider:1: layout_spider_delve, nzn_ghost_randoct, uniq_kirke, uniq_louise
Spider:2: layout_spider_delve, nicolae_spider_some_kinda_spiderbox, uniq_arachne
Spider:3: nicolae_spider_hilbert_zone_2 [nicolae_spider_hilbert_4_sides_1_open,
          nicolae_spider_hilbert_4_sides_1_open,
          nicolae_spider_hilbert_4_sides_1_open,
          nicolae_spider_hilbert_4_sides_1_open,
          nicolae_spider_hilbert_6_sides_1_open,
          nicolae_spider_hilbert_6_sides_1_open,
          nicolae_spider_hilbert_3_sides_1_open,
          nicolae_spider_hilbert_3_sides_1_open,
          nicolae_spider_hilbert_3_sides_1_open,
          nicolae_spider_hilbert_3_sides_1_open,
          nicolae_spider_hilbert_6_sides_1_open,
          nicolae_spider_hilbert_6_sides_1_open,
          nicolae_spider_hilbert_6_sides_1_open,
          nicolae_spider_hilbert_6_sides_1_open], nicolae_orb_island,
          uniq_azrael
Orc:1:    layout_caves, basic_altar, gammafunk_ghost_wrathful_warriors,
          statue_in_the_mist_lemuel
Orc:2:    st_orc_mages, layout_caves, guppyfry_library_mini

Skill      XL: |  1  2  3  4  5  6  7  8  9 10 11 12 13 14 15 16 17 |
---------------+----------------------------------------------------+-----
Axes           | 2 3 5 6 7 8 9 10 12 13 14 16 17 | 17.5
Fighting       | 4 5 6 7 8 9 10 11 12 13 | 13.0
Dodging        | 1 2 |  2.6
Throwing       | 1 3 5 6 7 |  7.0
Armour         | 4 7 8 9 10 11 12 13 | 13.0
Invocations    | 1 4 5 9 10 | 10.0
Shields        | 4 5 6 7 12 13 14 16 | 16.3

Action                     |  1- 3 |  4- 6 |  7- 9 | 10-12 | 13-15 | 16-18 || total
---------------------------+-------+-------+-------+-------+-------+-------++-------
  Melee: War axe           |   107 |    99 |   328 |   320 |       |       ||   854
         Morningstar       |       |       |       |    40 |       |       ||    40
         Broad axe         |       |       |       |    55 |   797 |   586 ||  1438
         Demon whip        |       |       |       |       |    22 |    20 ||    42
  Throw: Boomerang         |       |     7 |   102 |   129 |    34 |    49 ||   321
         Javelin           |       |       |       |       |   130 |    96 ||   226
 Invoke: Heroism           |       |       |     7 |    31 |    31 |    27 ||    96
         Finesse           |       |       |       |       |     8 |     4 ||    12
    Use: Scroll            |     9 |     3 |     7 |     8 |     3 |     2 ||    32
         Potion            |       |       |     3 |     4 |     1 |     4 ||    12
 Armour: Scale mail        |    48 |       |       |       |       |       ||    48
         Chain mail        |     5 |    51 |   150 |       |       |       ||   206
         Plate armour      |       |       |    46 |   459 |   544 |   437 ||  1486
  Dodge: Dodged            |    36 |    45 |   127 |   206 |   323 |   288 ||  1025
  Block: Buckler           |    16 |    18 |    58 |   158 |    58 |       ||   308
         Kite shield       |       |       |       |       |   314 |   233 ||   547
         Tower shield      |       |       |       |       |       |   319 ||   319

Table legend:
 A = Non-vault XP
 B = Vault XP
 C = Vault XP percentage of total XP
 D = Non-vault monster count
 E = Vault monster count
 F = Vault count percentage of total count
                 A         B        C        D         E       F
            +---------+---------+-------+---------+---------+-------
      Total |  155374 |   55231 |  26.2 |     637 |     202 |  24.1
            +---------+---------+-------+---------+---------+-------
        D:1 |      53 |       0 |   0.0 |      30 |       0 |   0.0
        D:2 |      23 |       3 |  11.5 |      12 |       2 |  14.3
        D:3 |      93 |     214 |  69.7 |      25 |       1 |   3.8
        D:4 |     500 |       0 |   0.0 |      28 |       0 |   0.0
        D:5 |     738 |      54 |   6.8 |      19 |       7 |  26.9
        D:6 |     962 |       0 |   0.0 |      16 |       0 |   0.0
        D:7 |    1250 |     212 |  14.5 |      20 |       3 |  13.0
        D:8 |    1968 |     141 |   6.7 |      28 |       1 |   3.4
        D:9 |    2320 |    2127 |  47.8 |      17 |       7 |  29.2
       D:10 |    4833 |     228 |   4.5 |      17 |       1 |   5.6
       D:11 |    5099 |     151 |   2.9 |      14 |       8 |  36.4
       D:12 |    4735 |       0 |   0.0 |      12 |       0 |   0.0
       D:13 |    4560 |       3 |   0.1 |      12 |       2 |  14.3
       D:14 |    8085 |    1126 |  12.2 |      24 |       3 |  11.1
       D:15 |   13705 |    1286 |   8.6 |      30 |       1 |   3.2
     Lair:1 |    4655 |     827 |  15.1 |      21 |       1 |   4.5
     Lair:2 |    5395 |    7645 |  58.6 |      18 |      23 |  56.1
     Lair:3 |    2994 |    1786 |  37.4 |      13 |      10 |  43.5
     Lair:4 |    6033 |     122 |   2.0 |      20 |      12 |  37.5
     Lair:5 |   11878 |   11367 |  48.9 |      41 |      24 |  36.9
    Swamp:1 |    8811 |       0 |   0.0 |      22 |       0 |   0.0
    Swamp:2 |   12524 |       0 |   0.0 |      26 |       0 |   0.0
    Swamp:3 |   14160 |       0 |   0.0 |      27 |       0 |   0.0
    Swamp:4 |     954 |       0 |   0.0 |       2 |       0 |   0.0
   Spider:1 |   17601 |    1931 |   9.9 |      44 |       5 |  10.2
   Spider:2 |    9144 |    3800 |  29.4 |      24 |       7 |  22.6
   Spider:3 |    8575 |   15916 |  65.0 |      20 |      31 |  60.8
      Orc:1 |    2078 |       0 |   0.0 |      33 |       0 |   0.0
      Orc:2 |    1648 |    6292 |  79.2 |      22 |      53 |  70.7
            +---------+---------+-------+---------+---------+-------
